 Dungeon Crawl Stone Soup version 0.24.0-13-gcf9b319 (webtiles) character file.

Game seed: 1941579843152809971, levelgen mode: deterministic

30 Bronimir the Stinger (level 3, -1/25 HPs)
             Began as a Formicid Venom Mage on Apr 18, 2020.
             Splashed by a jelly's acid (9 damage)
             ... on level 1 of the Dungeon.
             The game lasted 00:02:41 (1392 turns).

Bronimir the Stinger (Formicid Venom Mage)          Turns: 1392, Time: 00:02:41

Health: -1/25      AC:  2    Str: 12    XL:     3   Next: 35%
Magic:  3/7        EV: 12    Int: 15    God:
Gold:   63         SH:  0    Dex: 11    Spells: 4/7 levels left

rFire    . . .     SeeInvis +   e - +4 dagger
rCold    . . .     Gourm    .   (no shield)
rNeg     . . .     Faith    .   a - +0 robe
rPois    .         Spirit   .   (helmet unavailable)
rElec    .         Reflect  .   (no cloak)
rCorr    .         Harm     .   (no gloves)
MR       .....                  (no boots)
Stlth    ++........             (no amulet)
HPRegen  0.08/turn              (no ring)
MPRegen  0.10/turn              (no ring)

@: no status effects
A: permanent stasis, dig shafts and tunnels, four strong arms, antennae 3
a: Dig, Shaft Self


You were on level 1 of the Dungeon.
You were hungry.

You visited 1 branch of the dungeon, and saw 1 of its levels.

You collected 63 gold pieces.

Inventory:

Hand Weapons
 e - a +4 dagger (weapon)
Missiles
 b - 92 stones (quivered)
Armour
 a - a +0 robe (worn)
 d - a +0 leather armour
Scrolls
 f - a scroll of blinking {unknown}
 h - a scroll of teleportation {unknown}
 i - a scroll of remove curse {unknown}
 j - a scroll of magic mapping {unknown}
Potions
 g - 2 potions of degeneration {unknown}
Comestibles
 c - a ration


   Skills:
 * Level 0.8 Fighting
 * Level 0.5 Armour
 + Level 1.8 Dodging
 - Level 2.4 Stealth
 * Level 2.7 Spellcasting
 * Level 1.2 Conjurations
 * Level 4.5 Poison Magic


You had 4 spell levels left.
You knew the following spells:

 Your Spells              Type           Power        Failure   Level  Hunger
a - Sting                 Conj/Pois      ##..         6%          1    #......
b - Poisonous Vapours     Pois/Air       #.....       12%         2    ##.....

Your spell library contained the following spells:

 Spells                   Type           Power        Failure   Level  Hunger
 Mephitic Cloud           Conj/Pois/Air  #.......     28%         3    ###....
 Olgreb's Toxic Radiance  Pois           ###.....     32%         4    #####..
 Venom Bolt               Conj/Pois      ##........   87%         5    ######.


Dungeon Overview and Level Annotations

Branches:
Dungeon (1/15)

Altars:


Innate Abilities, Weirdness & Mutations

You cannot be hasted, slowed, berserked, paralysed or teleported.
You can dig through walls and to a lower floor.
Your four strong arms can wield two-handed weapons with a shield.
You have a pair of large antennae on your head. (SInv)


Message History

Press: ? - help, Dir - move target cursor, f - jelly
Aim: a jelly But poisonous vapours would do no harm to the jelly!
Casting: Poisonous Vapours (safe; 13% risk of failure)
Confirm with . or Enter, or press ? or * to list all spells.
Aiming: Poisonous Vapours (safe; 13% risk of failure)
Press: ? - help, Dir - move target cursor, f - giant cockroach, p - jelly
Aim: a giant cockroach (clinging) Poisonous vapours surround the giant cockroach!
You are feeling hungry.
The giant cockroach is engulfed in poison gas.
The giant cockroach is poisoned.
You kill the giant cockroach!
The ooze hits you.
You hit the ooze.
You kill the ooze!
You hit the jelly.
Your hands burn!
The jelly is lightly wounded.
The jelly hits you.
You are splashed with acid!
You die...

.h{.....#....######.#####..#
.w{{....#....#.............#
#J#######....#.......##....#
........#....#.............#
###.J..⌠'J...#...........#.#
.<...{{.#....#..........##.#
.>...⌠..#.....#####....##..#
#####'###.#...#####...##...#
..........#.†JhJ@....##....#
###################.##....##
#.#....## #.#...## #....##
#....# #....# #...## #####


You could see a jelly, an ooze and a jackal.

Vanquished Creatures
  An ooze (D:1)
  A dart slug (D:1)
  A leopard gecko (D:1)
  2 giant cockroaches (D:1)
  A goblin (D:1)
  3 hobgoblins (D:1)
  3 jackals (D:1)
  A ball python (D:1)
  A bat (D:1)
  A frilled lizard (D:1)
  5 kobolds (D:1)
  A rat (D:1)
21 creatures vanquished.

Notes
Turn   | Place    | Note
-------+----------+-------------------------------------------
     0 | D:1      | Bronimir the Formicid Venom Mage began the quest for the
                  | Orb.
     0 | D:1      | Reached XP level 1. HP: 13/13 MP: 3/3
     1 | D:1      | Found a runed translucent door.
   539 | D:1      | Reached XP level 2. HP: 20/20 MP: 0/5
   775 | D:1      | Learned a level 2 spell: Poisonous Vapours
  1164 | D:1      | Reached skill level 1 in Conjurations
  1378 | D:1      | Reached XP level 3. HP: 14/25 MP: 6/6
  1392 | D:1      | Splashed by a jelly's acid

Levels and vault maps discovered:
D:1:      dpeg_arrival_caged_fury, layout_basic, nrook_mini_backslash,
          st_stairs_8, chequers_garden, minmay_pentomino_u4

Skill      XL: |  1  2 |
---------------+-------+-----
Conjurations   | 1 |  1.2
Fighting       | |  0.8
Armour         | |  0.5
Dodging        | |  1.8
Stealth        | |  2.4
Spellcasting   | |  2.7
Poison Magic   | |  4.5

Action                   || total
-------------------------++-------
Melee: Unarmed           ||    17
       Dagger            ||    33
 Cast: Sting             ||    18
       Poisonous Vapours ||     7
 Abil: Dig               ||     1
  Eat: Chunk             ||     2
Armor: Robe              ||     8
Dodge: Dodged            ||    52
